 Dungeon Crawl Stone Soup version 0.31-a0-198-g2ad674f65e (webtiles) character file.

Game seed: 1084642957404636625

11264 TittyCrusher the Geomancer (level 11, -9/61 HPs)
             Began as an Octopode Earth Elementalist on June 26, 2023.
             Was a Priest of Vehumet.
             Mangled by a death yak (19 damage)
             ... on level 11 of the Dungeon.
             The game lasted 00:48:32 (15113 turns).

TittyCrusher the Geomancer (OpEE)                  Turns: 15113, Time: 00:48:33

Health: -9/61      AC:  3    Str: 11    XL:     11   Next: 75%
Magic:  14/21      EV: 18    Int: 21    God:    Vehumet [***...]
Gold:   1231       SH:  6    Dex: 19    Spells: 1/24 levels left

rFire   + . .        a - +4 spear (venom)
rCold   + . .        s - +2 buckler
rNeg    . . .        (helmet restricted)
rPois   .            (no amulet)
rElec   .            m - ring of protection from cold
rCorr   .            f - +5 ring of evasion
SInv    +            q - ring of see invisible
Will    +....        F - ring of protection from fire
Stlth   +++          j - ring "Rodghosuo" {Will+ Int+4 Dex+5}
HPRegen 0.30/turn    G - ring of wizardry
MPRegen 0.17/turn    (no ring)
                     (no ring)

%: clarity, wizardry (x1)
@: no status effects
A: almost no armour, amphibious, 8 rings, camouflage 1, gelatinous body 1,
(nimble swimmer 1), tentacles, iridescent scales 1, clarity, subdued magic 1
a: Renounce Religion


You were on level 11 of the Dungeon.
You worshipped Vehumet.
Vehumet was most pleased with you.
You visited 1 branch of the dungeon, and saw 11 of its levels.
You also visited: Trove and Ossuary.

You collected 2449 gold pieces.
You spent 1218 gold pieces at shops.

Inventory:

Hand Weapons
 a - a +4 spear of venom (weapon)
 n - a +0 trident of freezing
 r - a +2 dagger of draining
 v - a +2 spear
 z - the +0 long sword "Giantbane" {venom, rPois}
   (You found it on level 10 of the Dungeon)

   rPois:     It protects you from poison.
 B - a +0 sling
 D - a +1 trident of venom
 H - a +3 dagger of freezing
Missiles
 h - 114 stones (quivered)
 l - a throwing net
 o - 59 poisoned darts
 y - a curare-tipped dart
Armour
 s - a +2 buckler (worn)
Magical Staves
 b - a staff of cold
 p - a staff of fire
Jewellery
 f - a +5 ring of evasion (right tentacle)
 j - the ring "Rodghosuo" (on tentacle) {Will+ Int+4 Dex+5}
   (You found it in a treasure trove)

   [ring of willpower]

   Int:       It affects your intelligence (+4).
   Dex:       It affects your dexterity (+5).
   Will:      It increases your willpower.
 m - a ring of protection from cold (left tentacle)
 q - a ring of see invisible (on tentacle)
 C - the ring of Syukoxeling {rC- rCorr Str+4 Int-4 Slay+5}
   (You found it on level 10 of the Dungeon)

   [ring of resist corrosion]

   Str:       It affects your strength (+4).
   Int:       It affects your intelligence (-4).
   Slay:      It affects your accuracy & damage with ranged weapons and melee
   (+5).
   rC:        It makes you vulnerable to cold.
   rCorr:     It protects you from acid and corrosion.
 F - a ring of protection from fire (on tentacle)
 G - a ring of wizardry (on tentacle)
 I - an amulet of guardian spirit
Wands
 w - a wand of mindburst (2)
Scrolls
 g - 4 scrolls of teleportation
 k - 2 scrolls of poison
 x - a scroll of butterflies
Potions
 c - 2 potions of brilliance
 d - 11 potions of curing
 e - 2 potions of magic
 i - 2 potions of cancellation
 t - 3 potions of attraction
 A - a potion of ambrosia
 E - a potion of lignification
 L - a potion of berserk rage
 M - 6 potions of enlightenment
Miscellaneous
 u - a lightning rod (4/4)
 K - a tin of tremorstones (2/2)


   Skills:
 - Level 2.0 Dodging
 - Level 2.6 Stealth
 - Level 7.0 Spellcasting
 - Level 8.8 Conjurations
 + Level 6.6 Hexes
 + Level 5.7 Summonings
 - Level 1.0 Transmutations
 - Level 7.5 Ice Magic
 - Level 8.9 Earth Magic


You had one spell level left.
You knew the following spells:

 Your Spells              Type           Power      Damage    Failure   Level
a - Sandblast             Erth           68%        2d15      1%          1
b - Stone Arrow           Conj/Erth      68%        3d11      1%          3
c - Hailstorm             Conj/Ice       32%        3d8       1%          3
d - Frozen Ramparts       Ice            60%        1d10      1%          3
e - Fulminant Prism       Conj/Hex       15%        3d11      1%          4
f - Summon Ice Beast      Ice/Summ       27%        N/A       2%          4
g - Summon Mana Viper     Hex/Summ       25%        N/A       10%         5

Your spell library contained the following spells:

 Spells                   Type           Power      Damage    Failure   Level
 Inner Flame              Hex/Fire       16%        N/A       1%          3
 Magic Dart               Conj           100%       1d8       1%          1
 Shock                    Conj/Air       76%        1d7       1%          1
 Ensorcelled Hibernation  Hex/Ice        56%        N/A       1%          2
 Passwall                 Tmut/Erth      17%        N/A       1%          2
 Searing Ray              Conj           68%        2d6       1%          2
 Wereblood                Tmut           8%         N/A       4%          2
 Sublimation of Blood     Necr           5%         N/A       6%          2
 Petrify                  Tmut/Erth      21%        N/A       6%          4
 Ice Form                 Ice/Tmut       19%        N/A       8%          4
 Airstrike                Air            2%         2d(1-17)  12%         4
 Olgreb's Toxic Radiance  Pois           5%         N/A       12%         4
 Swiftness                Air            5%         N/A       13%         3
 Summon Lightning Spire   Summ/Air       14%        N/A       13%         4
 Blade Hands              Tmut           4%         N/A       61%         5
 Monstrous Menagerie      Summ           12%        N/A       98%         7
 Summon Hydra             Summ           12%        N/A       98%         7
 Ignition                 Fire           2%         3d3       99%         8
 Haunt                    Necr/Summ      7%         N/A       100%        7
 Discord                  Hex            13%        N/A       100%        8
 Animate Armour           Summ/Erth      Unusable   N/A       N/A         4

Dungeon Overview and Level Annotations

Branches:
Dungeon (11/15)            Temple (0/1) D:7            Lair (0/5) D:11
    Orc (0/2) D:9         Ossuary (visited)

Altars:
Ashenzari
Dithmenos
Qazlal
Uskayaw
Vehumet
Wu Jian
Xom
Yredelemnul
The Shining One

Shops:
D:2 !   D:8 **   D:11 !

Annotations:
D:2 Sigmund
D:4 1 runed translucent door, Lance11888's ghost, amateur DrWn
D:10 3 runed translucent doors, exclusion: 2 downstairs, Maxmaps's ghost, journeyman DsHs


Innate Abilities, Weirdness & Mutations

You cannot wear most types of armour.
You are amphibious.
You can wear up to eight rings at the same time.
Your skin changes colour to match your surroundings (Stealth+).
Your rubbery body absorbs attacks. (AC +1, EV +1)
((You are camouflaged when in or above water. (Stealth+)))
You have tentacles for arms and can constrict up to eight enemies at once.
You are partially covered in iridescent scales. (AC +2)
You possess an exceptional clarity of mind.
Your spells are a little easier to cast, but a little less powerful.


Message History

Aim: a death yak Attack!
The death yak snorts and paws the ground.
The death yak gores you!!
Unknown command.
Unknown command.
You hit the death yak but do no damage.
The death yak is poisoned.
Your squeeze misses the death yak.
Your mana viper completely misses the death yak.
You block the death yak's attack.
Your ice beast hits the death yak but does no damage.
Your mana viper bites the death yak!
Unknown command.
Unknown command.
You hit the death yak but do no damage.
The death yak looks even sicker.
You squeeze the death yak, but do no damage.
The death yak is lightly wounded.
Your mana viper bites the death yak but does no damage.
The death yak gores you!
Your ice beast barely misses the death yak.
Unknown command.
Unknown command.
You completely miss the death yak.
The death yak is lightly wounded.
Your mana viper bites the death yak but does no damage.
The death yak gores you.
Your ice beast hits the death yak but does no damage.
Your mana viper barely misses the death yak.
Unknown command.
Unknown command.
You barely miss the death yak. You squeeze the death yak.
The death yak is lightly wounded.
Your mana viper bites the death yak but does no damage.
The death yak gores you!!
* * * LOW HITPOINT WARNING * * *
Your ice beast hits the death yak.
Your ice beast freezes the death yak!
Your mana viper bites the death yak.
Unknown command.
The death yak attacks as you move away! The death yak gores you!!
You die...

#....######............#...##
#......# #............######
#....#.# #.................#
#......#####.################
#..........#.#....###########
#.##.......+.#.#..#..........
#..........###Y...###'###'###
#...........SY##........#..#
#........#..@Y##.#.......#.#
#.............##..#........##
#.........##'###.........####
#.##....#.#.................#
#.........##.###......Y..####
#...###'####.#......>........
#...#.....##.#.#.........#..#
#...#..#######..........#.<..
#...#..#######..........#....


You could see a death yak (very poisoned, ally target), a yak, a friendly mana
viper (summoned) and a friendly ice beast (summoned).

Vanquished Creatures
  A manticore (D:10)
  Maggie (D:7)
  An unseen horror (D:10)
  3 trolls
  A wraith (D:11)
  3 wyverns
  10 yaks (D:10)
  A steam dragon (D:8)
  A warg (D:9)
  A water moccasin (D:4)
  6 orc warriors
  An ice beast (D:7)
  2 black bears
  4 sky beasts
  3 ogres
  6 centaurs
  A phantom (D:5)
  5 kobold brigands
  3 bullfrogs
  2 gnoll sergeants
  3 scorpions
  13 wights
  15 killer bees
  3 howler monkeys (D:7)
  2 human zombies (Ossuary)
  2 hounds
  An orc priest (D:7)
  A centaur zombie (Ossuary)
  A gnoll bouda (D:6)
  A jelly (D:6)
  2 sleepcaps
  Jessica (D:2)
  2 iguanas
  11 orc wizards
  The ghost of Leavold the Sneak, a weakling TeDe (D:6)
  2 mummies (Ossuary)
  8 gnolls
  7 adders
  A river rat (D:5)
  3 shadow imps
  2 white imps
  An ufetubus (D:4)
  2 worm zombies (D:5)
  3 adder zombies (Ossuary)
  5 dart slugs
  35 orcs
  5 endoplasms
  4 giant cockroaches
  8 goblins
  10 hobgoblins
  7 jackals
  9 quokkas
  9 ball pythons
  4 bats
  7 frilled lizards
  2 goblin zombies (Ossuary)
  9 hobgoblin zombies (Ossuary)
  27 kobolds
  9 kobold zombies (Ossuary)
  9 orc zombies (Ossuary)
  6 rats
  2 rat zombies (Ossuary)
311 creatures vanquished.

Vanquished Creatures (collateral kills)
  Josephine (D:11)
  A two-headed ogre (D:10)
  4 wraiths (D:11)
  2 acid dragons (D:11)
8 creatures vanquished.

Vanquished Creatures (others)
  14 fulminant prisms
14 creatures vanquished.

Grand Total: 333 creatures vanquished

Notes
Turn   | Place    | Note
-------+----------+-------------------------------------------
     0 | D:1      | TittyCrusher the Octopode Earth Elementalist began the
                  | quest for the Orb.
     0 | D:1      | Reached XP level 1. HP: 11/11 MP: 3/3
   185 | D:1      | Reached XP level 2. HP: 13/17 MP: 1/5
   649 | D:1      | Reached XP level 3. HP: 21/21 MP: 4/6
  1150 | D:2      | Found Saofisof's Distillery.
  1230 | D:2      | Noticed Jessica
  1233 | D:2      | Killed Jessica
  1234 | D:2      | Reached XP level 4. HP: 23/27 MP: 3/7
  1442 | D:2      | Noticed Sigmund
  1738 | D:3      | Reached skill level 5 in Earth Magic
  1880 | D:3      | Noticed a scorpion
  1893 | D:3      | Killed a scorpion
  1894 | D:3      | Reached XP level 5. HP: 13/31 MP: 0/8
  2774 | D:4      | Noticed a black bear
  2779 | D:4      | Killed a black bear
  2780 | D:4      | Reached XP level 6. HP: 36/36 MP: 5/9
  3155 | D:4      | Noticed a water moccasin
  3159 | D:4      | Killed a water moccasin
  3160 | D:4      | Reached XP level 7. HP: 32/41 MP: 5/10
  3290 | D:4      | Found a runed translucent door.
  3290 | D:4      | Noticed Lance11888's ghost (amateur DrWn)
  3293 | D:4      | Found an ornate altar of the Wu Jian Council.
  3529 | D:5      | Entered Level 5 of the Dungeon
  3627 | D:5      | Found a sand-covered staircase.
  3686 | Ossuary  | Entered an ossuary
  4066 | D:5      | Gained mutation: You possess an exceptional clarity of
                  | mind. [potion of mutation]
  4066 | D:5      | Gained mutation: Your spells are a little easier to cast,
                  | but a little less powerful. [potion of mutation]
  4066 | D:5      | Gained mutation: You are partially covered in iridescent
                  | scales. (AC +2) [potion of mutation]
  4684 | D:5      | Learned a level 3 spell: Stone Arrow
  4742 | D:5      | Reached skill level 1 in Conjurations
  4789 | D:5      | Reached XP level 8. HP: 46/46 MP: 7/11
  5162 | D:6      | Found a broken altar of Ashenzari.
  5281 | D:6      | Found a runed translucent door.
  5282 | D:6      | Noticed Leavold's ghost (weakling TeDe)
  5292 | D:6      | Killed Leavold's ghost
  5549 | D:6      | Found a shimmering altar of Xom.
  5552 | D:6      | Found a stormy altar of Qazlal.
  5553 | D:6      | Found a basalt altar of Yredelemnul.
  5553 | D:6      | Found a radiant altar of Vehumet.
  5560 | D:6      | Became a worshipper of Vehumet
  5636 | D:6      | Reached skill level 5 in Conjurations
  6119 | D:6      | Reached XP level 9. HP: 47/51 MP: 6/12
  6121 | D:6      | Reached * piety under Vehumet
  6121 | D:6      | Offered knowledge of Freeze by Vehumet.
  7431 | D:7      | Found a staircase to the Ecumenical Temple.
  7434 | D:7      | Got Bempas's Handbook of the Wintry Congregation
  7479 | D:7      | Reached skill level 5 in Spellcasting
  7767 | D:7      | Noticed Maggie
  7773 | D:7      | Killed Maggie
  7913 | D:7      | Reached ** piety under Vehumet
  8091 | D:7      | Learned a level 3 spell: Hailstorm
  8095 | D:7      | Learned a level 3 spell: Frozen Ramparts
  8118 | D:8      | Reached skill level 1 in Ice Magic
  8118 | D:8      | Reached XP level 10. HP: 41/56 MP: 16/20
  8227 | D:8      | Offered knowledge of Searing Ray by Vehumet.
  8535 | D:8      | Found Ducreunu's General Store.
  8981 | D:8      | Found Pelof's Specific Store.
  8991 | D:8      | Bought a book of Conjurations for 200 gold pieces
  8991 | D:8      | Bought a potion of invisibility for 80 gold pieces
  8991 | D:8      | Bought a scroll of teleportation for 30 gold pieces
  8991 | D:8      | Bought a potion of lignification for 30 gold pieces
  8991 | D:8      | Bought a potion of cancellation for 80 gold pieces
  9091 | D:8      | Reached skill level 5 in Ice Magic
  9379 | D:8      | Found a shadowy altar of Dithmenos.
  9388 | D:8      | Found a glowing golden altar of the Shining One.
  9394 | D:8      | Learned a level 4 spell: Fulminant Prism
  9445 | D:9      | Reached skill level 1 in Hexes
 10139 | D:9      | Offered knowledge of Volatile Blastmotes by Vehumet.
 10287 | D:9      | Found a hide-covered altar of Uskayaw.
 10634 | D:9      | Reached skill level 5 in Hexes
 10699 | D:9      | Reached *** piety under Vehumet
 10750 | D:9      | Found a staircase to the Orcish Mines.
 11091 | D:10     | Entered Level 10 of the Dungeon
 11096 | D:10     | Found a runed translucent gate.
 11096 | D:10     | Found a runed translucent gate.
 11096 | D:10     | Found a runed translucent gate.
 11137 | D:10     | Identified the +0 long sword "Giantbane" {venom, rPois}
 11160 | D:10     | Noticed Maxmaps's ghost (journeyman DsHs)
 11215 | D:10     | Noticed an unseen horror
 11223 | D:10     | Killed an unseen horror
 11292 | D:10     | Identified the ring of Syukoxeling {rC- rCorr Str+4 Int-4
                  | Slay+5}
 11327 | D:10     | Reached XP level 11. HP: 61/61 MP: 11/21
 11436 | D:10     | Identified a scroll of acquirement
 11436 | D:10     | Acquired a staff of cold
 12322 | D:10     | Offered knowledge of Inner Flame by Vehumet.
 12462 | D:10     | Noticed a manticore
 12596 | D:10     | Killed a manticore
 12684 | D:10     | Learned a level 4 spell: Summon Ice Beast
 12711 | D:10     | Noticed a two-headed ogre
 12734 | D:10     | Killed a two-headed ogre
 13013 | D:10     | Acquired a book of Beasts
 13021 | D:10     | Learned a level 5 spell: Summon Mana Viper
 13174 | D:11     | Noticed a death yak
 13174 | D:11     | Found a staircase to the Lair.
 13243 | D:11     | Found a portal to a secret trove of treasure.
 13251 | D:11     | You paid a toll of 3 potions of resistance to enter a
                  | treasure trove
 13252 | Trove    | Entered a treasure trove
 13264 | Trove    | Identified the ring "Rodghosuo" {Will+ Int+4 Dex+5}
 14021 | D:11     | Found Vuown's Distillery.
 14032 | D:11     | Bought a potion of berserk rage for 70 gold pieces
 14032 | D:11     | Bought a potion of enlightenment for 70 gold pieces
 14032 | D:11     | Bought a potion of curing for 42 gold pieces
 14032 | D:11     | Bought a potion of curing for 42 gold pieces
 14032 | D:11     | Bought a potion of brilliance for 56 gold pieces
 14032 | D:11     | Bought a potion of curing for 42 gold pieces
 14241 | D:2      | Bought a potion of enlightenment for 70 gold pieces
 14241 | D:2      | Bought a potion of curing for 42 gold pieces
 14241 | D:2      | Bought a potion of curing for 42 gold pieces
 14241 | D:2      | Bought a potion of enlightenment for 70 gold pieces
 14241 | D:2      | Bought a potion of curing for 42 gold pieces
 14241 | D:2      | Bought 2 potions of enlightenment for 140 gold pieces
 14241 | D:2      | Bought a potion of enlightenment for 70 gold pieces
 14726 | D:11     | Reached skill level 5 in Summonings
 14837 | D:11     | Noticed Josephine
 14852 | D:11     | Killed Josephine
 15086 | D:11     | Noticed a death yak
 15113 | D:11     | Mangled by a death yak

Illustrated notes

Levels and vault maps discovered:
D:1:      noname_arrival_rooms_in_the_neighbourhood, layout_basic
D:2:      layout_loops_cross, serial_shops, nicolae_diamond_shop, uniq_sigmund,
          uniq_jessica
D:3:      minmay_wonky_spiral, layout_basic, nrook_mini_vaults,
          chequers_serial_rivers_large_a
D:4:      layout_loops_ring, kennysheep_little_box, ebering_ghost_inner_flame
D:5:      layout_basic, enter_ossuary_3, gup_sewer_entry_spiral
D:6:      layout_cave_pods, nicolae_ashenzari_skybound,
          mainiacjoe_overflow_alcove_3, ebering_ghost_reflecting_pool,
          mrwooster_statue_mirror, dk_noncrumbling_2
D:7:      layout_loops_corners, minmay_temple_entry_offerings, uniq_maggie
D:8:      layout_rooms, mainiacjoe_overflow_swirl, minmay_misc_feat_roman,
          serial_bayou_pond_e, nicolae_specific_store, moated_statue,
          chequers_serial_rivers_marsh
D:9:      layout_irregular_city, nicolae_uskayaw_dance_studio, david_orc_3,
          minmay_diced_spiral
D:10:     layout_grid_maze, ebering_ghost_rock_garden
D:11:     layout_stronghold, dpeg_lair_monsters, serial_shops,
          nicolae_diamond_shop, enter_trove_0, uniq_josephine

Skill      XL: |  1  2  3  4  5  6  7  8  9 10 11 |
---------------+----------------------------------+-----
Earth Magic    | 4 5 7 8 |  8.9
Conjurations   | 2 7 8 |  8.8
Spellcasting   | 7 |  7.0
Ice Magic      | 1 5 7 |  7.5
Hexes          | 6 |  6.6
Summonings     | 5 |  5.7
Dodging        | |  2.0
Stealth        | |  2.6
Transmutations | |  1.0

Action                     |  1- 3 |  4- 6 |  7- 9 | 10-12 || total
---------------------------+-------+-------+-------+-------++-------
  Melee: Unarmed           |     2 |       |       |       ||     2
         Tentacles         |     1 |     6 |    37 |    23 ||    67
         Dagger            |     1 |    33 |   136 |    17 ||   187
         Constrict         |     1 |    10 |    40 |    16 ||    67
         Punch             |       |       |     6 |     1 ||     7
         Spear             |       |       |       |    55 ||    55
         Staff             |       |       |       |     2 ||     2
   Fire: Sling             |       |       |     1 |       ||     1
  Throw: Stone             |       |       |     6 |    13 ||    19
   Cast: Sandblast         |    37 |    68 |   155 |    93 ||   353
         Stone Arrow       |       |       |    22 |    88 ||   110
         Fulminant Prism   |       |       |       |    14 ||    14
         Frozen Ramparts   |       |       |       |    11 ||    11
         Summon Ice Beast  |       |       |       |     9 ||     9
         Summon Mana Viper |       |       |       |     4 ||     4
         Hailstorm         |       |       |       |     3 ||     3
  Evoke: Wand              |       |       |       |    13 ||    13
    Use: Scroll            |       |     8 |     6 |    15 ||    29
         Potion            |       |     1 |     4 |    10 ||    15
   Stab: Sleeping          |       |     1 |     5 |     1 ||     7
         Distracted        |       |       |     1 |       ||     1
         Paralysed         |       |       |       |    10 ||    10
 Armour: Skin              |     1 |     4 |    12 |    29 ||    46
  Dodge: Dodged            |    17 |    55 |   148 |   133 ||   353
  Block: Buckler           |       |       |    28 |    34 ||    62

Table legend: (Time is in decaauts)
 A = Elapsed time spent in this place.
 B = Non-inter-level travel time spent in this place.
 C = Inter-level travel time spent in this place.
 D = Time resting spent in this place.
 E = Time spent auto-exploring this place.
 F = Levels seen in this place.
 G = Mean time per level.
                   A        B        C        D        E       F      G
               +--------+--------+--------+--------+--------+-----+--------+
         Total |  15302 |  14225 |   1077 |   3221 |   7390 |  13 | 1177.1 |
       Dungeon |  14859 |  13782 |   1077 |   3157 |   7390 |  11 | 1350.8 |
         Trove |     49 |     49 |      0 |      0 |      0 |   1 |   49.0 |
       Ossuary |    393 |    393 |      0 |     64 |      0 |   1 |  393.0 |
               +--------+--------+--------+--------+--------+-----+--------+

Top non-repeatable levels by time:
    D:10: 2261 daAuts
     D:6: 1819 daAuts
     D:9: 1588 daAuts
     D:7: 1486 daAuts
     D:8: 1329 daAuts
    D:11: 1304 daAuts
     D:5: 1271 daAuts
     D:4: 1125 daAuts
     D:1: 993 daAuts
     D:3: 910 daAuts
     D:2: 768 daAuts
 Ossuary: 393 daAuts
   Trove: 49 daAuts
